 Dungeon Crawl Stone Soup version 0.32-a0-22-g6ae6769602 (webtiles) character file.

Game seed: 14838550329153702123

144 Curundu the Chopper (level 5, -2/46 HPs)
             Began as a Minotaur Berserker on Jan 19, 2024.
             Was a Believer of Trog.
             Slain by Grinder (3 damage)
             ... while paralysed by Grinder
             ... on level 3 of the Dungeon.
             The game lasted 00:07:02 (2062 turns).

Curundu the Chopper (Minotaur Berserker)            Turns: 2062, Time: 00:07:02

Health: -2/46      AC:  6    Str: 23    XL:     5   Next: 5%
Magic:  4/4        EV:  2    Int:  4    God:    Trog [**....]
Gold:   120        SH:  0    Dex: 10    Spells: 4/4 levels left

rFire   . . .        a - +1 hand axe
rCold   . . .        d - +0 kite shield
rNeg    . . .        e - +0 ring mail
rPois   .            (helmet restricted)
rElec   .            (no cloak)
rCorr   .            (no gloves)
SInv    .            b - +0 pair of boots
Will    .....        (no amulet) Stlth
                     (no ring)
HPRegen 0.27/turn    (no ring)
MPRegen 0.09/turn

%: no passive effects
@: paralysed, on berserk cooldown, slowed
A: horns 2, retaliatory headbutt
a: Renounce Religion, Berserk, Trog's Hand


You were on level 3 of the Dungeon.
You worshipped Trog.
Trog was pleased with you.
You visited 1 branch of the dungeon, and saw 3 of its levels.

You collected 120 gold pieces.

Inventory:

Hand Weapons
 a - a +1 hand axe (weapon)
Armour
 b - a +0 pair of boots (worn)
 d - a +0 kite shield (worn)
 e - a +0 ring mail (worn)
Scrolls
 c - a scroll of poison
Potions
 f - a potion of lignification {unknown}
 g - a potion of heal wounds {unknown}
 i - 3 potions of curing
 k - a potion of brilliance


   Skills:
 - Level 3.7 Fighting
 + Level 5.4 Axes
 - Level 2.5 Armour
 - Level 2.3 Dodging
 + Level 3.7 Shields


You had 4 spell levels left.
You didn't know any spells.
Your spell library was empty.

Dungeon Overview and Level Annotations

Branches:
Dungeon (3/15)

Altars:

Annotations:
D:3 Grinder


Innate Abilities, Weirdness & Mutations

You have a pair of horns on your head.
You reflexively headbutt those who attack you in melee.


Message History

Your skin stops crawling.
You feel less strong-willed. You block Grinder's attack.
Grinder blinks!
Grinder gestures at you.
You suddenly lose the ability to move!
Grinder hits you! Grinder hits you. Grinder gestures at you.
Pain shoots through your body! Grinder hits you.
You writhe in agony.
You can move again.
You slash Grinder!
Grinder is moderately wounded.
Grinder closely misses you. Grinder misses you. You furiously retaliate!
You headbutt Grinder. You closely miss Grinder.
Grinder is heavily wounded.
Grinder blinks!
Grinder says, "There's only one good use for a tongue: cutting it out."
Grinder gestures at you. Pain shoots through your body!
A red film seems to cover your vision as you go berserk!
You feel yourself moving faster!
You feel mighty!
Grinder blinks!
You feel a strong urge to attack something.
You feel your anger nearly subside.
You are no longer berserk.
You are exhausted.
You feel yourself slow down. Grinder barely misses you.
You closely miss Grinder.
Grinder is heavily wounded.
Grinder gestures at you.
You suddenly lose the ability to move!
Grinder hits you.
* * * LOW HITPOINT WARNING * * *
Grinder hits you!
* * * LOW HITPOINT WARNING * * *
Grinder hits you.
* * * LOW HITPOINT WARNING * * *
You writhe in agony.
You die...
Grinder says, "Hey, I wasn't done torturing you yet!"

######### #........
#####.....##
#...†.5....#
##.###.@....#
#...........#
#..########.#
#..####### #
#......... #####
#.#############...#
########.##
#.....#.#
..........#
##.###...######
########..#
#...###..(.)...


You could see Grinder.

Vanquished Creatures
  A jelly (D:3)
  5 adders (D:2)
  A dart slug (D:2)
  4 orcs (D:3)
  4 ball pythons
  2 bats
  4 endoplasms
  6 giant cockroaches
  2 goblins (D:1)
  5 hobgoblins
  10 jackals
  A frilled lizard (D:2)
  6 kobolds
  8 rats
59 creatures vanquished.

Notes
Turn   | Place    | Note
-------+----------+-------------------------------------------
     0 | D:1      | Curundu the Minotaur Berserker began the quest for the Orb.
     0 | D:1      | Reached XP level 1. HP: 19/19 MP: 0/0
   196 | D:1      | Reached XP level 2. HP: 25/27 MP: 1/1
   352 | D:1      | Reached skill level 4 in Axes
   352 | D:1      | Reached skill level 1 in Shields
  1074 | D:2      | Reached XP level 3. HP: 31/33 MP: 2/2
  1090 | D:2      | Found a faded altar of an unknown god.
  1190 | D:2      | Reached ** piety under Trog
  1262 | D:2      | Reached XP level 4. HP: 35/40 MP: 3/3
  1292 | D:2      | Reached skill level 5 in Axes
  1938 | D:3      | Reached XP level 5. HP: 43/46 MP: 4/4
  2027 | D:3      | Noticed Grinder
  2028 | D:3      | Paralysed by Grinder for 3 turns
  2044 | D:3      | Paralysed by Grinder for 5 turns
  2060 | D:3      | Paralysed by Grinder for 4 turns
  2062 | D:3      | HP: 1/46 [Grinder (5)]
  2062 | D:3      | Slain by Grinder

Illustrated notes

Levels and vault maps discovered:
D:1:      psy_arrival_basics, layout_loops_corners, minmay_worlds_worst_comb
D:2:      minmay_skewed_foursquare, layout_loops_ring,
          ebering_ecumenical_altar_webs, serial_park_tiny_1
D:3:      layout_loops_ring, lemuel_round_altar, uniq_grinder

Skill      XL: |  1  2  3  4 |
---------------+-------------+-----
Axes           | 4 5 |  5.4
Shields        | 2 3 |  3.7
Fighting       | |  3.7
Armour         | |  2.5
Dodging        | |  2.3

Action                     |  1- 3 |  4- 6 || total
---------------------------+-------+-------++-------
  Melee: Hand axe          |    86 |    40 ||   126
         Headbutt          |     8 |     5 ||    13
 Invoke: Berserk           |       |     1 ||     1
         Trog's Hand       |       |     1 ||     1
    Use: Scroll            |     4 |     3 ||     7
 Armour: Animal skin       |    12 |       ||    12
         Ring mail         |    43 |    26 ||    69
  Dodge: Dodged            |    35 |    22 ||    57
  Block: Kite shield       |    25 |    29 ||    54

Table legend: (Time is in decaauts)
 A = Elapsed time spent in this place.
 B = Non-inter-level travel time spent in this place.
 C = Inter-level travel time spent in this place.
 D = Time resting spent in this place.
 E = Time spent auto-exploring this place.
 F = Levels seen in this place.
 G = Mean time per level.
                   A        B        C        D        E       F      G
               +--------+--------+--------+--------+--------+-----+--------+
         Total |   2086 |   2086 |      0 |      0 |   1583 |   3 |  695.3 |
       Dungeon |   2086 |   2086 |      0 |      0 |   1583 |   3 |  695.3 |
               +--------+--------+--------+--------+--------+-----+--------+

Top non-repeatable levels by time:
     D:1: 985 daAuts
     D:2: 856 daAuts
     D:3: 244 daAuts
